 Dungeon Crawl Stone Soup version 0.24-a0-504-gcfb02b9d07 (webtiles) character file.

Game seed: 1404843306430740982

2078 mopl the Grappler (level 9, 0/120 HPs)
             Began as a Troll Abyssal Knight on July 17, 2019.
             Was a High Priest of Lugonu.
             Slain by a killer bee (1 damage)
             ... on level 7 of the Dungeon on July 18, 2019.
             The game lasted 00:10:26 (5847 turns).

mopl the Grappler (Troll Abyssal Knight)            Turns: 5847, Time: 00:10:27

Health: 0/120      AC:  7    Str: 29    XL:     9   Next: 6%
Magic:  12/12      EV:  8    Int:  8    God:    Lugonu [*****.]
Gold:   356        SH:  9    Dex: 10    Spells: 8/8 levels left

rFire    + . .     SeeInvis .     - Unarmed
rCold    x . .     Gourm    +   t - +0 shield
rNeg     . . .     Faith    .   a - +0 robe
rPois    +         Spirit   .   (helmet restricted)
rElec    +         Reflect  .   p - +0 cloak
rCorr    .         Harm     .   (gloves unavailable)
MR       +....                  (boots unavailable)
Stlth    ..........             (no amulet)
HPRegen  0.70/turn              A - ring of Kanop {Fire rElec rPois MR+}
MPRegen  0.13/turn              (no ring)

@: berserking (expiring), lethally poisoned (0 -> 0), very quick
A: large, unfitting armour, claws 3, fast metabolism 3, gourmand, regeneration
1, shaggy fur 1, tough skin 3
a: Depart the Abyss, Bend Space, Banish, Corrupt, Enter the Abyss, Renounce
Religion


You were on level 7 of the Dungeon.
You worshipped Lugonu.
Lugonu was extremely pleased with you.
You were very full.

You visited 1 branch of the dungeon, and saw 7 of its levels.
You visited the Abyss 1 time.

You collected 356 gold pieces.

Inventory:

Hand Weapons
 o - a +2 dagger of venom
Missiles
 c - 36 poisoned darts (quivered)
 v - 2 throwing nets
Armour
 a - a +0 robe (worn)
 p - a +0 cloak (worn)
 t - a +0 shield (worn)
Jewellery
 A - the ring of Kanop (left claw) {Fire rElec rPois MR+}
   (You found it on level 6 of the Dungeon)

   [ring of fire]

   It enhances your fire magic.
   It protects you from fire.
   It makes you vulnerable to cold.
   It insulates you from electricity.
   It protects you from poison.
   It affects your resistance to hostile enchantments.
Wands
 d - a wand of random effects (9)
 z - a wand of acid (6)
 C - a wand of digging (6)
Scrolls
 g - 4 scrolls of noise
 h - 4 scrolls of remove curse {unknown}
 i - a scroll of immolation {unknown}
 j - 2 scrolls of fog {unknown}
 k - 3 scrolls of enchant armour {unknown}
 l - a scroll of brand weapon {unknown}
 m - a scroll of random uselessness {unknown}
 n - a scroll of enchant weapon {unknown}
 r - 7 scrolls of identify
 s - 3 scrolls of fear {unknown}
 w - a scroll of blinking {unknown}
 y - a scroll of magic mapping {unknown}
 B - 2 scrolls of teleportation {unknown}
Potions
 e - 3 potions of mutation {!q}
 f - 3 potions of agility
 q - a potion of berserk rage {!q}
 u - 2 potions of curing
 x - 2 potions of heal wounds
Comestibles
 b - 9 rations
 D - a chunk of flesh


   Skills:
 - Level 2.4 Fighting
 - Level 1.9 Dodging
 + Level 3.6 Shields
 * Level 9.2 Unarmed Combat
 + Level 5.9 Invocations


You had 8 spell levels left.
You didn't know any spells.
Your spell library contained the following spells:

 Spells                   Type           Power        Failure   Level  Hunger
 Summon Small Mammal      Summ           #...         80%         1    ##.....
 Call Imp                 Summ           #.......     91%         2    ###....
 Call Canine Familiar     Summ           #.......     99%         3    ####...
 Summon Guardian Golem    Hex/Summ       #.......     99%         3    ####...
 Summon Ice Beast         Ice/Summ       #.......     100%        4    #####..
 Summon Lightning Spire   Summ/Air       #.......     100%        4    #####..


Dungeon Overview and Level Annotations

Branches:
Dungeon (7/15)             Temple (0/1) D:6

Altars:
Fedhas
Hepliaklqana
Nemelex Xobeh
Qazlal
Ru
Sif Muna
Uskayaw
Vehumet
Xom
Zin
The Shining One

Shops:
D:4 :


Innate Abilities, Weirdness & Mutations

You are too large for most types of armour.
You have claws for hands.
Your metabolism is lightning-fast.
You like to eat raw meat.
Your natural rate of healing is unusually fast.
You are covered in fur. (AC +1)
You have extremely tough skin. (AC +3)


Message History

You block the killer bee's attack.
You closely miss the killer bee.
The killer bee is heavily wounded.
The killer bee stings you.
* * * LOW HITPOINT WARNING * * *
The killer bee stings you!
* * * LOW HITPOINT WARNING * * *
The killer bee closely misses you.
You barely miss the killer bee.
The killer bee is heavily wounded.
The killer bee barely misses you. The killer bee stings you!
* * * LOW HITPOINT WARNING * * *
A leopard gecko comes into view.
You closely miss the killer bee.
The killer bee is heavily wounded.
* * * LOW HITPOINT WARNING * * *
You feel sick.
The leopard gecko hisses angrily.
The killer bee stings you.
You die...

#P≈≈PP..##........
#≈P≈≈PP.##........
##.≈♣P≈.l.........
#(PP≈P≈≈#y#.....##
..PP≈PPP..#######
##P.≈≈P.## ##PP...#
........## #y##.##
.........# #@yy.#
..........# ###.##
..........####..#
...........##..##
♣...#.....##..#
♣♣♣♣♣♣..#.....#..##
≈≈♣P≈♣♣.......#..#
≈≈P≈P≈♣≈...#....##
.≈≈≈≈≈≈♣≈≈.#####..#


You could see 3 killer bees and a leopard gecko.

Vanquished Creatures
  The ghost of gruber the Slicer, a novice KoBe of Trog (D:6)
  Duvessa (D:5)
  An ice beast (D:6)
  An ogre (D:4)
  A black bear (D:6)
  2 centaurs (D:6)
  2 gnoll sergeants
  Dowan (D:5)
  A scorpion (D:7)
  A killer bee (D:7)
  An electric eel (D:7)
  2 crimson imps
  3 hounds (D:6)
  An orc priest (D:7)
  5 orc wizards
  2 iguanas
  5 worker ants
  A centaur simulacrum (D:6)
  A bullfrog simulacrum (D:6)
  A hound zombie (D:6)
  10 gnolls
  16 adders
  2 white imps (D:6)
  An ooze (D:3)
  2 adder skeletons
  5 worms
  7 leopard geckos
  21 orcs
  5 bats
  6 giant cockroaches
  8 goblins
  11 hobgoblins
  24 jackals
  2 quokkas
  4 ball pythons
  A frilled lizard (D:4)
  11 kobolds
  A leopard gecko simulacrum (D:6)
  9 rats
180 creatures vanquished.

Vanquished Creatures (others)
  A plant (D:7)
1 creature vanquished.

Grand Total: 181 creatures vanquished

Notes
Turn   | Place    | Note
-------+----------+-------------------------------------------
     0 | Abyss:1  | mopl the Troll Abyssal Knight began the quest for the Orb.
     0 | Abyss:1  | Reached XP level 1. HP: 22/22 MP: 1/1
     2 | Abyss:1  | Found a corrupted altar of Lugonu.
    13 | Abyss:1  | Found an ornate altar of the Wu Jian Council.
    92 | Abyss:1  | Noticed a worldbinder
    94 | Abyss:1  | Noticed a shadow
    94 | Abyss:1  | Noticed a shadow
    95 | Abyss:1  | Noticed a wraith
   108 | Abyss:1  | Noticed a shadow
   108 | Abyss:1  | Noticed a wraith
   115 | D:1      | Escaped the Abyss
   298 | D:1      | Reached * piety under Lugonu
   383 | D:1      | Reached XP level 2. HP: 29/29 MP: 2/2
   436 | D:1      | Reached skill level 2 in Invocations
   572 | D:1      | Reached skill level 3 in Unarmed Combat
   597 | D:1      | Reached XP level 3. HP: 36/36 MP: 3/3
  1067 | D:2      | Reached ** piety under Lugonu
  1101 | D:2      | Reached XP level 4. HP: 42/44 MP: 4/4
  1112 | D:2      | Found a stormy altar of Qazlal.
  1203 | D:2      | Reached skill level 4 in Unarmed Combat
  2237 | D:3      | Reached XP level 5. HP: 50/50 MP: 6/6
  2243 | D:3      | Reached skill level 3 in Invocations
  2542 | D:3      | Found a sparkling altar of Nemelex Xobeh.
  2687 | D:4      | Noticed an ogre
  2693 | D:4      | Killed an ogre
  2693 | D:4      | Reached skill level 5 in Unarmed Combat
  2718 | D:4      | Found a hide-covered altar of Uskayaw.
  2722 | D:4      | Reached XP level 6. HP: 50/59 MP: 7/7
  2762 | D:4      | Reached *** piety under Lugonu
  2861 | D:4      | HP: 1/59 [gnoll/+0 spear (6)]
  2877 | D:5      | Entered Level 5 of the Dungeon
  2985 | D:5      | Reached skill level 6 in Unarmed Combat
  3001 | D:5      | Reached skill level 4 in Invocations
  3054 | D:5      | Found a sparkling altar of Nemelex Xobeh.
  3321 | D:4      | Reached XP level 7. HP: 64/66 MP: 9/9
  3377 | D:4      | Found Iroq's Book Shop.
  3698 | D:5      | Noticed Duvessa
  3698 | D:5      | Noticed Dowan
  3725 | D:5      | Killed Duvessa
  3740 | D:5      | Killed Dowan
  3740 | D:5      | Reached skill level 1 in Shields
  3964 | D:5      | Reached skill level 7 in Unarmed Combat
  4348 | D:5      | Reached **** piety under Lugonu
  4988 | D:6      | Reached XP level 8. HP: 65/74 MP: 10/10
  4998 | D:6      | Reached skill level 2 in Shields
  4999 | D:6      | Found a hazy altar of Hepliaklqana.
  5005 | D:6      | Found a shimmering altar of Xom.
  5006 | D:6      | Found a radiant altar of Vehumet.
  5006 | D:6      | Found a blossoming altar of Fedhas.
  5008 | D:6      | Found a deep blue altar of Sif Muna.
  5009 | D:6      | Found a glowing golden altar of the Shining One.
  5020 | D:6      | Reached skill level 5 in Invocations
  5048 | D:6      | Found a runed translucent gate.
  5048 | D:6      | Found a runed translucent gate.
  5048 | D:6      | Found a runed translucent gate.
  5075 | D:6      | Reached skill level 8 in Unarmed Combat
  5092 | D:6      | Noticed gruber's ghost (novice KoBe)
  5147 | D:6      | Killed gruber's ghost
  5147 | D:6      | Reached skill level 3 in Shields
  5185 | D:6      | Got the ring of Kanop {Fire}
  5191 | D:6      | Identified the ring of Kanop {Fire rElec rPois MR+} (You
                  | found it on level 6 of the Dungeon)
  5238 | D:6      | Found a staircase to the Ecumenical Temple.
  5304 | D:6      | Found a sacrificial altar of Ru.
  5457 | D:6      | Reached ***** piety under Lugonu
  5457 | D:6      | Reached skill level 9 in Unarmed Combat
  5684 | D:7      | Found a glowing silver altar of Zin.
  5750 | D:7      | Reached XP level 9. HP: 74/80 MP: 12/12
  5846 | D:7      | HP: 2/120 [killer bee (10)]
  5847 | D:7      | Slain by a killer bee

Levels and vault maps discovered:
D:1:      scummos_arrival_gate, layout_basic, serial_glass, glass_columns_c,
          glass_columns_a
D:2:      layout_basic, nicolae_qazlal_general_emergency
D:3:      layout_basic, chequers_serial_rivers_small_b,
          nemelex_diamond_rough_becter
D:4:      layout_cave_pods, eat_drink_and_be_merry_uskayaw, serial_shops,
          shop_fountains, minmay_close_crescents
D:5:      layout_basic, nemelex_xobeh_ov_fountains_minmay, first_ration,
          uniq_duvessa
D:6:      layout_loops_cross, grunt_temple_overflow_open,
          minmay_temple_entry_hall, gammafunk_ghost_icy,
          nicolae_ru_great_annihilating_truth
D:7:      layout_cave_pods, lemuel_crystal_altar, serial_bayou,
          serial_bayou_ford_a, serial_bayou_shore_b, serial_bayou_lagoon_a,
          serial_bayou_shore_b

Skill      XL: |  1  2  3  4  5  6  7  8 |
---------------+-------------------------+-----
Invocations    | 2 3 4 5 |  5.9
Unarmed Combat | 3 4 5 6 7 9 |  9.2
Shields        | 1 3 |  3.6
Fighting       | |  2.4
Dodging        | |  1.9

Action                   |  1- 3 |  4- 6 |  7- 9 || total
-------------------------+-------+-------+-------++-------
Melee: Unarmed           |   130 |   197 |   273 ||   600
       Punch             |     1 |     5 |     1 ||     7
Invok: Depart the Abyss  |     1 |       |       ||     1
Evoke: Wand              |       |       |     4 ||     4
  Use: Scroll            |       |     6 |     1 ||     7
       Potion            |       |     1 |     2 ||     3
 Stab: Sleeping          |       |     1 |       ||     1
       Paralysed         |       |       |     1 ||     1
  Eat: Chunk             |    16 |    20 |    23 ||    59
Armor: Robe              |    60 |    68 |    60 ||   188
Dodge: Dodged            |    79 |    91 |    80 ||   250
Block: Shield            |       |       |    87 ||    87

Table legend:
 A = Non-vault XP
 B = Vault XP
 C = Vault XP percentage of total XP
 D = Non-vault monster count
 E = Vault monster count
 F = Vault count percentage of total count
                 A         B        C        D         E       F
            +---------+---------+-------+---------+---------+-------
      Total |    2114 |     855 |  28.8 |     165 |      15 |   8.3
            +---------+---------+-------+---------+---------+-------
        D:1 |      55 |       0 |   0.0 |      30 |       0 |   0.0
        D:2 |      91 |       0 |   0.0 |      23 |       0 |   0.0
        D:3 |     108 |       0 |   0.0 |      26 |       0 |   0.0
        D:4 |     397 |       4 |   1.0 |      30 |       2 |   6.2
        D:5 |     429 |     238 |  35.7 |      23 |       2 |   8.0
        D:6 |     741 |     613 |  45.3 |      25 |      11 |  30.6
        D:7 |     293 |       0 |   0.0 |       8 |       0 |   0.0
            +---------+---------+-------+---------+---------+-------
